 Dungeon Crawl Stone Soup version 0.23-a0-274-g77505739ee (webtiles) character file.

2434 Henning the Shield-Bearer (level 9, -7/74 HPs)
             Began as a Gnoll Fighter on Oct 2, 2018.
             Shot with an arrow by a centaur (8 damage)
             ... on level 6 of the Dungeon.
             The game lasted 00:12:30 (4385 turns).

Henning the Shield-Bearer (Gnoll Fighter)           Turns: 4385, Time: 00:12:31

Health: -7/74      AC: 13    Str: 19    XL:     9   Next: 49%
Magic:  15/15      EV:  8    Int: 12    God:
Gold:   264        SH: 11    Dex: 16    Spells: 16/16 levels left

rFire    . . .     SeeInvis .   o - +2 flail (holy)
rCold    + . .     Gourm    .   c - +0 shield
rNeg     . . .     Faith    .   k - +0 chain mail
rPois    .         Spirit   .   t - +0 helmet
rElec    .         Reflect  .   h - +0 cloak
rCorr    .         Harm     .   (no gloves)
MR       .....                  (no boots)
Stlth    ..........             (no amulet)
HPRegen  0.22/turn              i - ring of protection from cold
MPRegen  0.14/turn              (no ring)

@: no status effects
A: distributed training, fangs 1, strong nose
a: no special abilities


You were on level 6 of the Dungeon.
You were hungry.

You visited 1 branch of the dungeon, and saw 6 of its levels.

You collected 264 gold pieces.

Inventory:

Hand Weapons
 a - a +1 flail
 o - a +2 flail of holy wrath (weapon)
Missiles
 u - 5 tomahawks (quivered)
Armour
 b - a +0 scale mail
 c - a +0 shield (worn)
 h - a +0 cloak (worn)
 k - a +0 chain mail (worn)
 t - a +0 helmet (worn)
Magical Staves
 v - an uncursed staff of death
Jewellery
 i - a ring of protection from cold (left hand)
Wands
 p - a wand of flame (46)
Scrolls
 e - 5 scrolls of amnesia
 j - 2 scrolls of enchant weapon
 q - a scroll of immolation {unknown}
 s - a scroll of identify
 x - a scroll of magic mapping
 y - a scroll of teleportation {unknown}
Potions
 d - 2 potions of might
 l - 3 potions of flight
 m - 2 potions of magic
 n - 4 potions of curing
 r - 3 potions of lignification
 w - 2 potions of heal wounds {unknown}
 z - a potion of brilliance {unknown}
Comestibles
 f - 11 rations
 g - 2 chunks of flesh


   Skills:
 + Level 7.9 Fighting
 + Level 4.2 Short Blades
 + Level 4.2 Long Blades
 + Level 4.2 Axes
 + Level 6.3 Maces & Flails
 + Level 4.2 Polearms
 + Level 4.2 Staves
 + Level 4.2 Slings
 + Level 4.2 Bows
 + Level 4.2 Crossbows
 + Level 4.2 Throwing
 + Level 7.9 Armour
 + Level 4.2 Dodging
 + Level 4.2 Stealth
 + Level 7.9 Shields
 + Level 4.2 Unarmed Combat
 + Level 4.2 Spellcasting
 + Level 3.4 Conjurations
 + Level 3.4 Hexes
 + Level 3.4 Charms
 + Level 3.4 Summonings
 + Level 3.4 Necromancy
 + Level 3.4 Translocations
 + Level 3.4 Transmutations
 + Level 3.4 Fire Magic
 + Level 3.4 Ice Magic
 + Level 3.4 Air Magic
 + Level 3.4 Earth Magic
 + Level 3.4 Poison Magic
 + Level 4.6 Invocations
 + Level 4.2 Evocations


You had 16 spell levels left.
You didn't know any spells.
Your spell library was empty.

Dungeon Overview and Level Annotations

Branches:
Dungeon (6/15)             Temple (0/1) D:6

Altars:


Innate Abilities, Weirdness & Mutations

Your experience applies equally to all skills.
You have very sharp teeth.
Your uncanny sense of smell can sniff out nearby items.


Message History

The phantom blinks!
You thump the centaur!
The centaur is almost dead.
You block the centaur's attack.
The centaur shoots an arrow.
You block the arrow. You block the centaur's attack.
The phantom blinks!
The centaur shoots an arrow.
You block the arrow.
You hit the centaur.
You kill the centaur!
The centaur shoots an arrow.
The arrow hits you.
* * * LOW HITPOINT WARNING * * *
The phantom hits you.
* * * LOW HITPOINT WARNING * * *
The centaur shoots an arrow.
The arrow misses you.
You see here an arrow.
You see here an arrow.
The phantom blinks!
The centaur shoots an arrow.
The arrow hits you!
* * * LOW HITPOINT WARNING * * *
You see here 2 arrows.
The phantom blinks!
The centaur shoots an arrow.
The arrow hits you!
You die...

#.# ∆ #########.##
....[......#####
#########......#
#.####.## ∆ ###
#.###...###### ##.
#.. .<....(......#
... #.#
##.###.<§####.# ..#
#.#
#.##....@(..###'###
#.#
#.##.#...((.#.....#
#.#
#.######§#.⌠.⌠.#.
#.#######.##.
#.cF.>..'.
..........#
###.⌠.⌠.#.
##.######## .....#
##.# ##'### ...#
... ##.# .##


You could see a bullfrog and a centaur.

Vanquished Creatures
  Pikel (D:4)
  Sigmund (D:2)
  Eustachio (D:4)
  Edmund (D:4)
  A water moccasin (D:6)
  A slave (D:4)
  A sky beast (D:5)
  A phantom (D:4)
  2 ogres
  3 centaurs
  A bullfrog (D:6)
  A howler monkey (D:4)
  4 crimson imps
  3 hounds (D:5)
  A centaur zombie (D:5)
  A jelly (D:5)
  Crazy Yiuf (D:4)
  Terence (D:2)
  5 worker ants
  Natasha (thrice) (D:2)
  A mummy (D:4)
  A worker ant zombie (D:5)
  Robin (D:3)
  12 adders
  A river rat (D:4)
  A white imp (D:6)
  An adder zombie (D:5)
  4 worms
  A dart slug (D:3)
  4 leopard geckos
  6 orcs
  10 bats
  5 giant cockroaches
  19 goblins
  5 hobgoblins
  19 jackals
  5 kobolds
  3 quokkas
  A ball python (D:1)
  9 frilled lizards
  A hobgoblin zombie (D:4)
  2 kobold zombies (D:4)
  An orc zombie (D:4)
  6 rats
153 creatures vanquished.

Vanquished Creatures (others)
  An orc wizard (D:6)
  A shadow imp (D:4)
  A frilled lizard (D:4)
3 creatures vanquished.

Grand Total: 156 creatures vanquished

Notes
Turn   | Place    | Note
-------+----------+-------------------------------------------
     0 | D:1      | Henning the Gnoll Fighter began the quest for the Orb.
     0 | D:1      | Reached XP level 1. HP: 23/23 MP: 1/1
    89 | D:1      | Reached XP level 2. HP: 24/29 MP: 2/2
   553 | D:1      | Reached XP level 3. HP: 35/35 MP: 3/3
   666 | D:2      | Reached skill level 1 in Invocations
   672 | D:2      | Noticed Terence
   682 | D:2      | Killed Terence
   682 | D:2      | Reached skill level 1 in Short Blades
   682 | D:2      | Reached skill level 1 in Long Blades
   682 | D:2      | Reached skill level 1 in Axes
   682 | D:2      | Reached skill level 1 in Polearms
   682 | D:2      | Reached skill level 1 in Staves
   682 | D:2      | Reached skill level 1 in Slings
   682 | D:2      | Reached skill level 1 in Bows
   682 | D:2      | Reached skill level 1 in Crossbows
   682 | D:2      | Reached skill level 1 in Throwing
   682 | D:2      | Reached skill level 1 in Dodging
   682 | D:2      | Reached skill level 1 in Stealth
   682 | D:2      | Reached skill level 1 in Unarmed Combat
   682 | D:2      | Reached skill level 1 in Spellcasting
   682 | D:2      | Reached skill level 1 in Evocations
   682 | D:2      | Reached XP level 4. HP: 30/41 MP: 5/5
   969 | D:2      | Noticed Sigmund
   978 | D:2      | Killed Sigmund
   978 | D:2      | Reached skill level 1 in Conjurations
   978 | D:2      | Reached skill level 1 in Hexes
   978 | D:2      | Reached skill level 1 in Charms
   978 | D:2      | Reached skill level 1 in Summonings
   978 | D:2      | Reached skill level 1 in Necromancy
   978 | D:2      | Reached skill level 1 in Translocations
   978 | D:2      | Reached skill level 1 in Transmutations
   978 | D:2      | Reached skill level 1 in Fire Magic
   978 | D:2      | Reached skill level 1 in Ice Magic
   978 | D:2      | Reached skill level 1 in Air Magic
   978 | D:2      | Reached skill level 1 in Earth Magic
   978 | D:2      | Reached skill level 1 in Poison Magic
   978 | D:2      | Reached XP level 5. HP: 45/47 MP: 5/7
   978 | D:2      | Reached XP level 6. HP: 50/53 MP: 5/8
  1073 | D:2      | Noticed Natasha
  1081 | D:2      | Killed Natasha
  1133 | D:2      | Noticed Natasha
  1141 | D:2      | Killed Natasha
  1150 | D:2      | Noticed Natasha
  1156 | D:2      | Killed Natasha
  1156 | D:2      | Reached skill level 5 in Maces & Flails
  1547 | D:3      | Noticed Robin
  1566 | D:3      | Killed Robin
  1698 | D:3      | Reached XP level 7. HP: 59/59 MP: 10/10
  2711 | D:4      | Noticed Eustachio
  2732 | D:4      | Killed Eustachio
  2930 | D:4      | Found a runed door.
  2934 | D:4      | Noticed Crazy Yiuf
  2939 | D:4      | Killed Crazy Yiuf
  2939 | D:4      | Reached XP level 8. HP: 53/67 MP: 12/12
  3181 | D:4      | Noticed Pikel
  3228 | D:4      | Killed Pikel
  3498 | D:4      | Noticed Edmund
  3514 | D:4      | Killed Edmund
  3540 | D:5      | Entered Level 5 of the Dungeon
  3649 | D:5      | Reached XP level 9. HP: 38/72 MP: 14/14
  4354 | D:6      | Found a staircase to the Ecumenical Temple.
  4384 | D:6      | HP: 1/74 [centaur/arrow (9)]
  4385 | D:6      | Shot with an arrow by a centaur

Vault maps used:
D:1:      dpeg_arrival_lava_temple_mockup, minmay_domino_4
D:2:      kennysheep_potato, uniq_terence, uniq_natasha, uniq_sigmund
D:3:      hangedman_decor_diamond_cutter, hangedman_decor_riveting, uniq_robin
D:4:      gup_sewer_entry_bubbles, kennysheep_nub, minmay_mini_ossuary,
          uniq_eustachio, uniq_crazy_yiuf_cottage, uniq_pikel, uniq_edmund
D:5:      first_ration
D:6:      minmay_temple_entry_hall, serial_shops, shop, minmay_fire_ice_demons

Skill      XL: |  1  2  3  4  5  6  7  8  9 |
---------------+----------------------------+-----
Invocations    | 1 2 3 4 |  4.6
Short Blades   | 1 2 3 4 |  4.2
Long Blades    | 1 2 3 4 |  4.2
Axes           | 1 2 3 4 |  4.2
Polearms       | 1 2 3 4 |  4.2
Staves         | 1 2 3 4 |  4.2
Slings         | 1 2 3 4 |  4.2
Bows           | 1 2 3 4 |  4.2
Crossbows      | 1 2 3 4 |  4.2
Throwing       | 1 2 3 4 |  4.2
Dodging        | 1 2 3 4 |  4.2
Stealth        | 1 2 3 4 |  4.2
Unarmed Combat | 1 2 3 4 |  4.2
Spellcasting   | 1 2 3 4 |  4.2
Evocations     | 1 2 3 4 |  4.2
Conjurations   | 1 2 3 |  3.4
Hexes          | 1 2 3 |  3.4
Charms         | 1 2 3 |  3.4
Summonings     | 1 2 3 |  3.4
Necromancy     | 1 2 3 |  3.4
Translocations | 1 2 3 |  3.4
Transmutations | 1 2 3 |  3.4
Fire Magic     | 1 2 3 |  3.4
Ice Magic      | 1 2 3 |  3.4
Air Magic      | 1 2 3 |  3.4
Earth Magic    | 1 2 3 |  3.4
Poison Magic   | 1 2 3 |  3.4
Maces & Flails | 5 6 |  6.3
Fighting       | 7 |  7.9
Armour         | 7 |  7.9
Shields        | 7 |  7.9

Action                   |  1- 3 |  4- 6 |  7- 9 || total
-------------------------+-------+-------+-------++-------
Melee: Flail             |    82 |   187 |   374 ||   643
       Bite              |     4 |    19 |    57 ||    80
Throw: Tomahawk          |       |       |     7 ||     7
  Use: Scroll            |       |       |    11 ||    11
  Eat: Chunk             |       |     3 |     9 ||    12
Armor: Scale mail        |    36 |       |       ||    36
       Chain mail        |    11 |   112 |   152 ||   275
Dodge: Dodged            |    17 |    67 |    79 ||   163
Block: Shield            |    72 |   138 |   245 ||   455

Table legend:
 A = Non-vault XP
 B = Vault XP
 C = Vault XP percentage of total XP
 D = Non-vault monster count
 E = Vault monster count
 F = Vault count percentage of total count
                 A         B        C        D         E       F
            +---------+---------+-------+---------+---------+-------
      Total |    2051 |    1427 |  41.0 |     114 |      38 |  25.0
            +---------+---------+-------+---------+---------+-------
        D:1 |      30 |       4 |  11.8 |      18 |       3 |  14.3
        D:2 |     128 |     296 |  69.8 |      22 |       5 |  18.5
        D:3 |     203 |      36 |  15.1 |      31 |      13 |  29.5
        D:4 |     354 |    1081 |  75.3 |      15 |      16 |  51.6
        D:5 |     669 |       0 |   0.0 |      18 |       0 |   0.0
        D:6 |     667 |      10 |   1.5 |      10 |       1 |   9.1
            +---------+---------+-------+---------+---------+-------
